 Dungeon Crawl Stone Soup version 0.27-a0-1296-g8ece459b43 (webtiles) character file.

Game seed: 14921316056276379643

291 Delamore the Poker (level 6, -4/51 HPs)
             Began as a Formicid Fighter on June 16, 2021.
             Succumbed to a gnoll's poison
             ... on level 3 of the Dungeon.
             The game lasted 00:04:01 (4136 turns).

Delamore the Poker (Formicid Fighter)               Turns: 4136, Time: 00:04:02

Health: -4/51      AC: 13    Str: 23    XL:     6   Next: 58%
Magic:  6/6        EV:  4    Int:  7    God:
Gold:   115        SH: 10    Dex: 10    Spells: 5/5 levels left

rFire    . . .     SeeInvis +   a - +1 trident (elec)
rCold    . . .     Faith    .   c - +1 kite shield
rNeg     . . .     Spirit   .   l - +0 plate armour
rPois    .         Reflect  .   (helmet unavailable)
rElec    .         Harm     .   d - +0 cloak
rCorr    .         Rampage  .   g - +0 pair of gloves
Will     .....                  (no boots)
Stlth    ..........             h - amulet of the acrobat
HPRegen  0.17/turn              (no ring)
MPRegen  0.10/turn              (no ring)

@: lethally poisoned (-4 -> -31)
A: permanent stasis, dig shafts and tunnels, antennae 3, four strong arms
a: Dig, Shaft Self


You were on level 3 of the Dungeon.
You visited 1 branch of the dungeon, and saw 4 of its levels.

You collected 256 gold pieces.
You spent 141 gold pieces at shops.

Inventory:

Hand Weapons
 a - a +1 trident of electrocution (weapon)
Missiles
 f - 7 boomerangs
 k - 17 poisoned darts (quivered)
Armour
 b - a +0 scale mail
 c - a +1 kite shield (worn)
 d - a +0 cloak (worn)
 g - a +0 pair of gloves (worn)
 l - a +0 plate armour (worn)
Jewellery
 h - an amulet of the acrobat (around neck)
 m - an amulet of guardian spirit
Scrolls
 j - a scroll of blinking
Potions
 e - a potion of brilliance
 n - a potion of lignification {unknown}
 o - a potion of heal wounds {unknown}


   Skills:
 - Level 5.0 Fighting
 * Level 5.5 Polearms
 - Level 3.2 Armour
 - Level 3.6 Shields


You had 5 spell levels left.
You didn't know any spells.
Your spell library contained the following spells:

 Spells                   Type           Power      Damage    Failure   Level
 Beastly Appendage        Tmut           0%         N/A       100%        1
 Shock                    Conj/Air       0%         1d3       100%        1
 Static Discharge         Conj/Air       0%         N/A       100%        2
 Wereblood                Tmut           0%         N/A       100%        2
 Spider Form              Tmut/Pois      0%         N/A       100%        3
 Airstrike                Air            0%         N/A       100%        4
 Ice Form                 Ice/Tmut       0%         N/A       100%        4
 Lightning Bolt           Conj/Air       0%         1d11      100%        5
 Swiftness                Air            Unusable   N/A       N/A         3

Dungeon Overview and Level Annotations

Branches:
Dungeon (4/15)
 Temple: D:4-7

Altars:

Shops:
D:3 *


Innate Abilities, Weirdness & Mutations

You cannot be hasted, slowed, berserked, paralysed or teleported.
You can dig through walls and to a lower floor.
You have a pair of large antennae on your head. (SInv)
Your four strong arms can wield two-handed weapons with a shield.


Message History

You barely miss the gnoll.
The gnoll is severely wounded.
You feel extremely sick. You block the gnoll's attack.
You closely miss the gnoll.
The gnoll is severely wounded.
You feel very sick. You block the gnoll's attack.
You closely miss the gnoll.
The gnoll is severely wounded.
You feel very sick. The gnoll hits you but does no damage.
You are more poisoned.
Your plate armour prevents you from hitting the gnoll.
The gnoll is severely wounded.
You feel very sick.
The gnoll hits you with a +0 spear of venom.
You are more poisoned.
The gnoll hits you with a +0 spear of venom.
You are lethally poisoned!
You barely miss the gnoll.
The gnoll is severely wounded.
You feel extremely sick. The gnoll hits you but does no damage.
You are more poisoned.
You closely miss the gnoll.
The gnoll is severely wounded.
* * * LOW HITPOINT WARNING * * *
You feel extremely sick. The gnoll completely misses you.
Okay, then.
It was a potion of cancellation.
You feel magically purged.
* * * LOW HITPOINT WARNING * * *
You feel very sick.
The gnoll hits you with a +0 spear of venom.
* * * LOW HITPOINT WARNING * * *
You are more poisoned.
It was a potion of haste.
Your stasis prevents you from being hasted.
You die...

#.##.####.......#.# ###
#..........###.##.#
..#########..........# #.##.#
[..............###.### #.##.#
.#####...#.........# ##.##.#
.####......###.##..####...#.#
...........))#.##...........#
#####......##..##...###...###
...###......##..@g.......##
..........#.....[..#)#####
#######.#....####....#
#.##.#.# #.#### #####.##.#.##
#.# ###.....##....# #.#
..............###.#
###<###.##........# #.#
#.###########


You could see a gnoll.

Vanquished Creatures
  An ogre (D:4)
  Crazy Yiuf (D:2)
  A gnoll shaman (D:3)
  A hound (D:4)
  3 gnolls
  3 adders
  A worm (D:2)
  2 dart slugs
  3 orcs (D:4)
  2 ball pythons
  5 endoplasms
  3 giant cockroaches
  8 goblins
  2 hobgoblins
  5 quokkas
  3 bats (D:1)
  A frilled lizard (D:2)
  4 kobolds
  7 rats
56 creatures vanquished.

Notes
Turn   | Place    | Note
-------+----------+-------------------------------------------
     0 | D:1      | Delamore the Formicid Fighter began the quest for the Orb.
     0 | D:1      | Reached XP level 1. HP: 18/18 MP: 1/1
   152 | D:1      | Reached XP level 2. HP: 16/24 MP: 2/2
  1060 | D:2      | Reached XP level 3. HP: 30/30 MP: 3/3
  1829 | D:2      | Reached XP level 4. HP: 37/37 MP: 4/4
  1914 | D:2      | Found a runed translucent door.
  1915 | D:2      | Noticed Crazy Yiuf
  1939 | D:2      | Killed Crazy Yiuf
  2275 | D:3      | Reached XP level 5. HP: 37/42 MP: 5/5
  2427 | D:3      | Found Pyriroam's Assorted Antiques.
  2448 | D:3      | Bought a scroll labelled RUSTOMUCEC for 30 gold pieces
  2448 | D:3      | Bought a scroll labelled VEUWKIMEUSCH for 30 gold pieces
  2451 | D:3      | Bought a green potion for 27 gold pieces
  2451 | D:3      | Bought a fuming inky potion for 27 gold pieces
  2451 | D:3      | Bought a fizzy orange potion for 27 gold pieces
  3106 | D:4      | Noticed an ogre
  3129 | D:4      | Killed an ogre
  3130 | D:4      | Reached skill level 5 in Polearms
  3130 | D:4      | Reached XP level 6. HP: 9/50 MP: 6/6
  3667 | D:4      | Reached skill level 5 in Fighting
  4135 | D:3      | HP: 2/51 [gnoll (1)]
  4136 | D:3      | Succumbed to a gnoll's poison

Illustrated notes

Levels and vault maps discovered:
D:1:      minmay_arrival_loop, layout_loops_ring, minmay_close_crescents
D:2:      layout_loops_ring, uniq_crazy_yiuf_cottage
D:3:      layout_loops_ring, serial_shops, shop_coins
D:4:      layout_rooms

Skill      XL: |  1  2  3  4  5  6 |
---------------+-------------------+-----
Polearms       | 3 4 5 |  5.5
Fighting       | 4 5 |  5.0
Armour         | |  3.2
Shields        | |  3.6

Action                   |  1- 3 |  4- 6 || total
-------------------------+-------+-------++-------
Melee: Trident           |   104 |   111 ||   215
Throw: Dart              |       |     2 ||     2
 Abil: Dig               |       |     3 ||     3
  Use: Scroll            |     4 |     5 ||     9
       Potion            |       |     3 ||     3
Armor: Scale mail        |     5 |       ||     5
       Plate armour      |    48 |    56 ||   104
Dodge: Dodged            |    29 |    17 ||    46
Block: Kite shield       |    36 |    65 ||   101

Table legend: (Time is in decaauts)
 A = Elapsed time spent in this place.
 B = Non-inter-level travel time spent in this place.
 C = Inter-level travel time spent in this place.
 D = Time resting spent in this place.
 E = Time spent auto-exploring this place.
 F = Levels seen in this place.
 G = Mean time per level.
                   A        B        C        D        E       F      G
               +--------+--------+--------+--------+--------+-----+--------+
         Total |   4205 |   4049 |    156 |   1041 |   2465 |   4 | 1051.2 |
       Dungeon |   4205 |   4049 |    156 |   1041 |   2465 |   4 | 1051.2 |
               +--------+--------+--------+--------+--------+-----+--------+

Top non-repeatable levels by time:
     D:3: 1393 daAuts
     D:2: 1224 daAuts
     D:1: 1068 daAuts
     D:4: 519 daAuts
